 Dungeon Crawl Stone Soup version 0.31.0-1-g2c135a0 (webtiles) character file.

Game seed: 4576116811473681788

23042 mezmerelda the Unseen (level 12, -8/97 HPs)
             Began as a Spriggan Enchanter on Jan 23, 2024.
             Was a High Priest of Dithmenos.
             Mangled by a slime creature (12 damage)
             ... on level 12 of the Dungeon.
             The game lasted 02:04:33 (18859 turns).

mezmerelda the Unseen (Spriggan Enchanter)         Turns: 18859, Time: 02:04:33

Health: -8/97      AC: 26    Str: 12    XL:     12   Next: 68%
Magic:  22/27      EV:  4    Int: 16    God:    Dithmenos [*****.]
Gold:   137        SH:  0    Dex: 19    Spells: 17/31 levels left

rFire   . . .        a - +1 dagger (venom)
rCold   . . .        I - orb {*channel}
rNeg    . . .        R - melded +2 robe {Will+}
rPois   +            (helmet currently unavailable)
rElec   .            t - melded +0 cloak
rCorr   +            (gloves unavailable)
SInv    +            (boots unavailable)
Will    ++...        r - amulet of the acrobat
Stlth   ++++++++++   m - +5 ring of evasion
HPRegen 0.36/turn    f - ring "Zopnighiomu" {rPois rCorr Str+6}
MPRegen 0.20/turn

%: acrobat, channel magic (20%)
@: tree-form, spiked, wreathed by umbra
A: stationary, stasis, torment immunity, boosted hp, very small, no large
weapons, unfitting armour, see invisible, (speed 3)
a: Renounce Religion, Shadow Step, Shadow Form


You were on level 12 of the Dungeon.
You worshipped Dithmenos.
Dithmenos was extremely pleased with you.
You were a tree.
You visited 3 branches of the dungeon, and saw 17 of its levels.
You also visited: Ossuary.

You collected 843 gold pieces.
You spent 706 gold pieces at shops.

Inventory:

Hand Weapons
 a - a +1 dagger of venom (weapon)
 b - a +0 sling
 U - a +1 rapier of electrocution
Armour
 t - a +0 cloak (melded)
 I - an orb of energy (worn)
 R - a +2 robe of willpower (melded)
Jewellery
 f - the ring "Zopnighiomu" (right branch) {rPois rCorr Str+6}
   (You found it on level 7 of the Dungeon)

   [ring of strength]

   Str+6:     It affects your strength (+6).
   rPois:     It protects you from poison rCorr: It protects you from acid and
   corrosion.
 i - a ring of flight
 m - a +5 ring of evasion (left branch)
 o - a +6 ring of intelligence
 r - an amulet of the acrobat (around neck)
 L - a ring of fire
 T - an amulet of magic regeneration
Wands
 v - a wand of flame (11)
 B - a wand of paralysis (20)
 C - a wand of mindburst (21)
 K - a wand of polymorph (14)
 N - a wand of light (1)
Scrolls
 d - 3 scrolls of fear
 e - a scroll of acquirement {unknown}
 g - 9 scrolls of teleportation
 j - a scroll of enchant armour {unknown}
 k - 4 scrolls of silence
 l - 3 scrolls of brand weapon {unknown}
 p - a scroll of enchant weapon {unknown}
 s - 4 scrolls of noise
 w - 3 scrolls of poison {unknown}
 y - 3 scrolls of immolation {unknown}
 E - 2 scrolls of butterflies {unknown}
 F - 4 scrolls of vulnerability
 H - 3 scrolls of identify
 O - 2 scrolls of fog {unknown}
 P - 2 scrolls of blinking
 Q - a scroll of amnesia
Potions
 c - a potion of invisibility
 h - 3 potions of ambrosia
 n - a potion of magic
 q - a potion of attraction {unknown}
 u - a potion of enlightenment {unknown}
 z - 5 potions of curing
 A - 2 potions of brilliance
 G - 3 potions of mutation
 J - 3 potions of lignification
 M - a potion of experience
 S - a potion of haste


   Skills:
 - Level 8.6 Fighting
 - Level 10.0 Short Blades
 - Level 2.0 Ranged Weapons
 - Level 9.0 Dodging
 + Level 15.2 Stealth
 - Level 10.0 Spellcasting
 - Level 10.0 Hexes
 - Level 6.0 Evocations


You had 17 spell levels left.
You knew the following spells:

 Your Spells              Type           Power      Damage    Failure   Level
c - Confusing Touch       Hex            40%        N/A       3%          3
e - Ensorcelled Hibernat  Hex/Ice        48%        N/A       8%          2
f - Dazzling Flash        Conj/Hex       48%        N/A       12%         3
s - Sigil of Binding      Hex            40%        N/A       3%          3
t - Tukima's Dance        Hex            40%        N/A       3%          3

Your spell library contained the following spells:

 Spells                   Type           Power      Damage    Failure   Level
 Dimensional Bullseye     Hex/Tloc       12%        N/A       28%         4
 Call Canine Familiar     Summ           8%         N/A       47%         3
 Passwall                 Erth           8%         N/A       47%         3
 Swiftness                Air            8%         N/A       47%         3
 Animate Dead             Necr           8%         N/A       83%         4
 Vhi's Electric Charge    Tloc/Air       16%        N/A       83%         4
 Arcjolt                  Conj/Air       4%         1d14      98%         5
 Plasma Beam              Fire/Air       4%         2x1d14    100%        6
 Haunt                    Necr/Summ      4%         N/A       100%        7
 Infestation              Necr           4%         N/A       100%        8


Dungeon Overview and Level Annotations

Branches:
Dungeon (13/15)            Temple (1/1) D:7            Lair (3/5) D:9
 Shoals (0/4) Lair:2          Orc (0/2) D:11        Ossuary (visited)
  Snake: Lair:2-3    Spider: Lair:2-3    Vaults: D:13-14

Altars:
Ashenzari
Cheibriados
Dithmenos
Elyvilon
Fedhas
Gozag
Hepliaklqana
Kikubaaqudgha
Makhleb
Nemelex Xobeh
Okawaru
Qazlal
Ru
Sif Muna
Trog
Uskayaw
Vehumet
Wu Jian
Xom
Yredelemnul
Zin
The Shining One

Shops:
D:4 [   D:5 ?   D:10 ?[(

Annotations:
D:9 2 transporters
Lair:2 3 runed translucent doors, Zagger's ghost, journeyman FoHu


Innate Abilities, Weirdness & Mutations

You are a tree.
Your roots penetrate the ground, keeping you stationary.
You cannot be teleported.
You are immune to unholy pain and torment.
Your maximum health is greatly increased.
Your equipment is partially melded.
You are very small and have problems with some larger weapons.
You are too small for most types of armour.
You have supernaturally acute eyesight. (SInv)
((You cover ground extremely quickly. (Speed+++)))


Message History

The slime creature hits you but does no damage.
The slime creature hits you.
* * * LOW HITPOINT WARNING * * *
The manticore flicks its tail.
The volley of spikes skewers you.
The barbed spikes become lodged in your body.
* * * LOW HITPOINT WARNING * * *
Okay, then.
Unknown command.
You strike the helpless slime creature from behind!
You perforate the slime creature like a sieve!!!
You kill the slime creature!
Dithmenos accepts your kill.
You hit the slime creature but do no damage.
Your shadow completely misses the slime creature.
The slime creature hits you but does no damage.
Casting: Confusing Touch (mildly dangerous; 3% risk of failure)
Confirm with . or Enter, or press ? or * to list all spells.
Your branches begin to glow red.
The manticore bites you but does no damage.
The manticore claws you but does no damage. x2
The slime creature hits you but does no damage.
You hit the manticore but do no damage. You hit the manticore but do no damage.
The manticore appears confused.
The slime creature hits you but does no damage.
The manticore bites you!
* * * LOW HITPOINT WARNING * * *
The manticore claws you!
* * * LOW HITPOINT WARNING * * *
The manticore claws you.
* * * LOW HITPOINT WARNING * * *
You hit the manticore.
The manticore is lightly wounded.
Your shadow hits the manticore but does no damage.
You catch the helpless manticore completely off-guard!
You skewer the manticore like a kebab!!!
You kill the manticore!
Dithmenos accepts your kill. The slime creature hits you!
You die...

....#....# #.#....# #.......
....#....# #.#....# #.######
....#....# #.#....# #.#.....
....#....# #.#....#####.#.....
....'....# #.#..........#.....
....#....######.#..........#.....
....#.........>.###........#.....
....#..........J..#........#.....
....#...........♣.###......#.....
....#....########...#......#.....
....#....# #...#......#.....
....#....# #...#......#.....
)...#....# #...#......#..###
....#....# #...#......'..#..
....#....# #...#......#..#..
###'#....# #...#......####..
#........########...#............


You could see a slime creature.

Vanquished Creatures
  5 two-headed ogres
  Sonja (Lair:2)
  A skeletal warrior (D:11)
  2 cyclopes (D:11)
  A manticore (D:12)
  2 black mambas
  5 cane toads
  2 unseen horrors
  A rime drake (Lair:3)
  Maggie (D:7)
  2 komodo dragons (Lair:2)
  3 kobold demonologists
  5 trolls
  Grinder (D:6)
  A blink frog (Lair:3)
  Sigmund (D:2)
  A slime creature (D:12)
  2 shadows
  A basilisk (Lair:1)
  2 wraiths (D:11)
  31 yaks
  2 wyverns
  A vampire mosquito (D:10)
  A steam dragon (D:8)
  An acid dragon (D:9)
  5 orc warriors
  3 water moccasins
  A swamp drake (D:11)
  4 black bears
  An ice beast (D:6)
  4 sky beasts
  An ogre (D:11)
  3 centaurs
  11 wolves
  5 kobold brigands
  2 elf zombies (Ossuary)
  2 gnoll sergeants
  4 bullfrogs
  3 scorpions
  5 wights (D:9)
  2 howler monkeys
  An electric eel (Lair:1)
  6 lava snakes (D:7)
  A centaur zombie (Ossuary)
  3 bombardier beetles
  A hound (D:5)
  A human zombie (Ossuary)
  A jelly (D:4)
  5 orc priests
  Crazy Yiuf (D:2)
  A sleepcap (D:7)
  Terence (D:2)
  An iguana (D:4)
  12 orc wizards
  A hound zombie (Ossuary)
  2 mummies (Ossuary)
  11 gnolls
  6 adders
  A white imp (D:5)
  2 ufetubi (D:5)
  5 adder zombies (Ossuary)
  2 ribbon worms
  A dart slug (D:3)
  44 orcs
  6 bats
  7 endoplasms
  3 giant cockroaches
  6 gnoll zombies (Ossuary)
  15 goblins
  6 hobgoblins
  10 jackals
  28 kobolds
  6 quokkas
  6 ball pythons
  3 frilled lizards (D:1)
  6 jackal zombies (Ossuary)
  6 kobold zombies (Ossuary)
  9 orc zombies (Ossuary)
  5 rats
364 creatures vanquished.

Vanquished Creatures (collateral kills)
  Jeremiah (D:6)
  An orc warrior (D:9)
  3 wights (D:9)
  3 gnolls
  An orc (D:9)
9 creatures vanquished.

Vanquished Creatures (others)
  10 dancing weapons
10 creatures vanquished.

Grand Total: 383 creatures vanquished

Notes
Turn   | Place    | Note
-------+----------+-------------------------------------------
     0 | D:1      | mezmerelda the Spriggan Enchanter began the quest for the
                  | Orb.
     0 | D:1      | Reached XP level 1. HP: 9/9 MP: 5/5
    55 | D:1      | Reached XP level 2. HP: 13/13 MP: 6/6
   409 | D:1      | Learned a level 2 spell: Ensorcelled Hibernation
   479 | D:1      | Reached XP level 3. HP: 16/16 MP: 8/8
  1085 | D:2      | Noticed Sigmund
  1100 | D:2      | Noticed Terence
  1383 | D:2      | Found a runed translucent door.
  1384 | D:2      | Noticed Crazy Yiuf
  1461 | D:2      | Killed Terence
  1462 | D:2      | Reached XP level 4. HP: 21/21 MP: 6/10
  1528 | D:2      | Learned a level 3 spell: Confusing Touch
  1532 | D:2      | Learned a level 3 spell: Tukima's Dance
  2095 | D:3      | Identified the +7 spear "Naylo" {freeze, rElec rC+ Str+2}
  2645 | D:3      | Reached XP level 5. HP: 24/24 MP: 12/12
  3010 | D:2      | Killed Sigmund
  3011 | D:2      | Reached XP level 6. HP: 28/28 MP: 13/13
  3090 | D:2      | Identified the +6 hammer of Edepp {antimagic, +Blink rElec
                  | Int+3}
  3091 | D:2      | Killed Crazy Yiuf
  3099 | D:2      | Identified the +5 hammer of Doubt {heavy, rPois rF- Will-
                  | Str+5}
  3190 | D:4      | Reached skill level 5 in Spellcasting
  3265 | D:4      | Found Tuczukou's Antique Armour Shoppe.
  3761 | D:4      | Found a radiant altar of Vehumet.
  3867 | D:4      | Reached XP level 7. HP: 24/32 MP: 13/17
  3994 | D:4      | Learned a level 3 spell: Dazzling Flash
  4259 | D:5      | Entered Level 5 of the Dungeon
  4265 | D:5      | Reached skill level 5 in Hexes
  4319 | D:5      | Found Zeakakhlo's Magic Scroll Boutique.
  4631 | D:5      | Reached skill level 1 in Fighting
  4644 | D:5      | Found a shadowy altar of Dithmenos.
  4645 | D:5      | Found a sacrificial altar of Ru.
  4671 | D:5      | Became a worshipper of Dithmenos the Shadowed
  4722 | D:5      | Found a sand-covered staircase.
  4764 | Ossuary  | Entered an ossuary
  5007 | Ossuary  | Reached XP level 8. HP: 26/40 MP: 18/18
  5216 | Ossuary  | Reached * piety under Dithmenos
  5832 | D:5      | Found a shimmering blue altar of Sif Muna.
  6117 | D:5      | Bought a scroll of identify for 28 gold pieces
  6117 | D:5      | Bought a scroll of teleportation for 42 gold pieces
  6117 | D:5      | Bought a scroll of teleportation for 42 gold pieces
  6185 | D:6      | Noticed Grinder
  6343 | D:6      | Found a burning altar of Makhleb.
  6389 | D:6      | Found a stormy altar of Qazlal.
  6441 | D:6      | Reached skill level 5 in Fighting
  6493 | D:6      | Noticed Jeremiah
  6755 | D:7      | Found a staircase to the Ecumenical Temple.
  6819 | Temple   | Entered the Ecumenical Temple
  6873 | D:7      | Found Zin's Purification Station.
  6876 | D:7      | Found a glowing silver altar of Zin.
  6942 | D:7      | Reached skill level 5 in Stealth
  6969 | D:7      | Reached skill level 6 in Stealth
  6986 | D:7      | Reached ** piety under Dithmenos
  7008 | D:7      | Reached skill level 7 in Stealth
  7059 | D:7      | Noticed Maggie
  7065 | D:7      | Identified the ring "Zopnighiomu" {rPois rCorr Str+6}
  7294 | D:7      | Reached XP level 9. HP: 35/48 MP: 19/19
  7302 | D:7      | Reached skill level 8 in Stealth
  7448 | D:6      | Paralysed by Grinder for 4 turns
  7474 | D:6      | Killed Grinder
  7475 | D:6      | Reached skill level 9 in Stealth
  7734 | D:7      | Reached skill level 10 in Stealth
  8383 | D:8      | Reached skill level 1 in Ranged Weapons
  8636 | D:4      | Bought a fading robe for 148 gold pieces
  8636 | D:4      | Identified the +1 robe of the Morning {rPois rF- Int-4
                  | Archmagi} (You bought it in a shop on level 4 of the
                  | Dungeon)
  8765 | D:6      | Killed Jeremiah
  9578 | D:8      | Reached skill level 10 in Short Blades
  9578 | D:8      | Reached XP level 10. HP: 49/53 MP: 20/20
  9782 | D:7      | Killed Maggie
  9933 | D:9      | Reached skill level 1 in Evocations
 10035 | D:10     | Entered Level 10 of the Dungeon
 10205 | D:9      | Reached *** piety under Dithmenos
 10387 | D:9      | Found a staircase to the Lair.
 10608 | D:9      | Reached skill level 5 in Evocations
 10619 | D:9      | Found a bloodstained altar of Trog.
 10628 | D:9      | Found an opulent altar of Gozag.
 10630 | D:9      | Noticed an ogre mage
 10631 | D:9      | Noticed a centaur warrior
 10640 | D:9      | Found a transporter.
 10643 | D:9      | Noticed a two-headed ogre
 10752 | D:9      | Killed a two-headed ogre
 10767 | D:9      | Found an iron altar of Okawaru.
 10782 | D:9      | Found a transporter.
 11501 | Lair:1   | Entered Level 1 of the Lair of Beasts
 11584 | Lair:1   | You fall into a shaft and drop 1 floor!
 11593 | Lair:2   | Found a runed translucent gate.
 11594 | Lair:2   | Found a runed translucent gate.
 11594 | Lair:2   | Found a runed translucent gate.
 11623 | Lair:2   | Noticed Zagger's ghost (journeyman FoHu)
 11655 | Lair:1   | Noticed a cane toad
 11671 | Lair:1   | Killed a cane toad
 11947 | Lair:1   | Noticed a cane toad
 12144 | Lair:1   | Killed a cane toad
 12145 | Lair:1   | Reached skill level 5 in Dodging
 12145 | Lair:1   | Reached XP level 11. HP: 60/60 MP: 11/21
 12364 | Lair:1   | Reached **** piety under Dithmenos
 13178 | D:10     | Identified the beast talisman of Anarchy {rC+ Dex+2}
 13200 | D:10     | Learned a level 3 spell: Sigil of Binding
 13227 | D:10     | Found Xefrio's Magic Scroll Boutique.
 13230 | D:10     | Bought a scroll of fear for 48 gold pieces
 13230 | D:10     | Bought 2 scrolls of teleportation for 72 gold pieces
 13230 | D:10     | Bought a scroll of vulnerability for 48 gold pieces
 13230 | D:10     | Bought a scroll of amnesia for 48 gold pieces
 13601 | D:10     | Noticed a two-headed ogre
 13784 | D:10     | Killed a two-headed ogre
 13785 | D:10     | Reached skill level 10 in Hexes
 13817 | D:10     | Noticed a soul eater
 13839 | D:10     | Found Roirgh's Antique Weapon Shop.
 14250 | D:10     | Found Wostrilih's Armour Emporium.
 14466 | D:10     | Found Roirgh's Antique Weapon Shop.
 14510 | D:10     | Found Wostrilih's Armour Emporium.
 14741 | D:10     | Found Xefrio's Magic Scroll Boutique.
 15024 | Lair:2   | Found a staircase to the Shoals.
 15190 | Lair:2   | Noticed Sonja
 15197 | Lair:2   | Killed Sonja
 16101 | Lair:3   | Reached skill level 10 in Spellcasting
 16156 | Lair:3   | Noticed a death yak
 16157 | Lair:3   | Reached ***** piety under Dithmenos
 16158 | Lair:3   | Noticed a death yak
 16158 | Lair:3   | Noticed a death yak
 16158 | Lair:3   | Noticed a death yak
 16158 | Lair:3   | Noticed a death yak
 16377 | D:11     | Reached XP level 12. HP: 65/65 MP: 27/27
 16660 | D:11     | Noticed a two-headed ogre
 16664 | D:11     | Killed a two-headed ogre
 16942 | D:11     | Found a staircase to the Orcish Mines.
 17136 | D:11     | Reached skill level 11 in Stealth
 17456 | D:11     | Reached skill level 12 in Stealth
 17459 | D:11     | Noticed a two-headed ogre
 17462 | D:11     | Killed a two-headed ogre
 17467 | D:11     | Reached skill level 13 in Stealth
 17526 | D:11     | Reached skill level 14 in Stealth
 17637 | D:10     | Bought a +2 robe of willpower for 230 gold pieces
 18385 | D:12     | Noticed a two-headed ogre
 18395 | D:12     | Killed a two-headed ogre
 18396 | D:12     | Reached skill level 15 in Stealth
 18828 | D:13     | Noticed a two-headed ogre
 18857 | D:12     | HP: 3/97 [manticore (6)]
 18859 | D:12     | Mangled by a slime creature

Illustrated notes

Levels and vault maps discovered:
D:1:      mrwooster_arrival_statue, layout_basic, item_on_display_a
D:2:      layout_basic, serial_glass, glass_columns_a, glass_columns_a,
          minmay_crystal_room, uniq_sigmund, uniq_terence,
          uniq_crazy_yiuf_cottage
D:3:      layout_basic
D:4:      layout_basic, nicolae_vehumet_radiance, serial_shops, shop
D:5:      layout_basic, nicolae_sif_muna_little_library,
          grunt_temple_overflow_open, enter_ossuary_5, serial_shops,
          nicolae_shop_rolling_square
D:6:      layout_loops_ring, nicolae_qazlal_general_emergency,
          mainiacjoe_overflow_cross_hatched, minmay_misc_feat_encased,
          uniq_grinder, uniq_jeremiah
D:7:      layout_basic, zin_purify, minmay_temple_entry_gardened_gates,
          kennysheep_boxes, uniq_maggie
D:8:      layout_loops_cross
D:9:      layout_gridville, trog_ov_bears_minmay, mainiacjoe_overflow_paths,
          gammafunk_temple_overflow_arena, lair_entry_dummy
D:10:     layout_roguey, serial_shops, shop, shop, shop,
          minmay_fractal_squares_5
D:11:     minmay_bubble_buster, layout_loops_ring, erik_orc_1,
          minmay_misc_feat_columns
D:12:     layout_irregular_city
D:13:     layout_rooms, david_vaults_1
Temple:   hellmonk_temple_forest_ring
Lair:1:   layout_roguey, serial_bayou_ford_a, nicolae_lair_lil_pond,
          nicolae_quartered_pool_little, serial_bayou_pond_c,
          grunt_megastairs_4, lemuel_fruit_tree
Lair:2:   layout_cave_pods, elwin_shoals_entry_rocks, gammafunk_ghost_icy,
          uniq_sonja
Lair:3:   layout_hall_layers, alex1729_snake_entry_snake

Skill      XL: |  1  2  3  4  5  6  7  8  9 10 11 12 |
---------------+-------------------------------------+-----
Short Blades   | 2 3 4 6 10 | 10.0
Spellcasting   | 3 4 6 10 | 10.0
Hexes          | 4 6 10 | 10.0
Fighting       | 3 6 8 |  8.6
Stealth        | 7 10 15 | 15.2
Ranged Weapons | 2 |  2.0
Evocations     | 6 |  6.0
Dodging        | 5 6 9 |  9.0

Action                     |  1- 3 |  4- 6 |  7- 9 | 10-12 || total
---------------------------+-------+-------+-------+-------++-------
  Melee: Dagger            |   154 |   147 |   474 |   672 ||  1447
         Punch             |       |     2 |     2 |     6 ||    10
   Fire: Sling             |       |     2 |   175 |    19 ||   196
  Throw: Throwing net      |       |       |       |     1 ||     1
   Cast: Ensorcelled Hiber |     4 |    12 |     6 |    24 ||    46
         Confusing Touch   |       |     3 |     2 |    57 ||    62
         Tukima's Dance    |       |       |     9 |    23 ||    32
         Dazzling Flash    |       |       |       |     1 ||     1
         Sigil of Binding  |       |       |       |     7 ||     7
    Use: Scroll            |       |       |     7 |     8 ||    15
         Potion            |       |       |     2 |     1 ||     3
   Stab: Sleeping          |    16 |    14 |    14 |    43 ||    87
         Confused          |       |     2 |     3 |    54 ||    59
         Distracted        |       |       |     3 |     1 ||     4
 Armour: Robe              |    36 |    27 |    86 |    69 ||   218
         Skin              |       |       |       |    25 ||    25
  Dodge: Dodged            |    94 |    87 |   418 |   404 ||  1003
